 Dungeon Crawl Stone Soup version 0.17-a0-1850-g688e747 (webtiles) character file.

18012 MikeDS the Grappler (level 12, 0/122 HPs)
             Began as a Troll Berserker on Sept 17, 2015.
             Was a High Priest of Trog.
             Slain by an adder (1 damage)
             ... on level 2 of the Lair of Beasts on Sept 18, 2015.
             The game lasted 01:30:42 (13591 turns).

MikeDS the Grappler (Troll Berserker)              Turns: 13591, Time: 01:30:42

Health: 0/122      AC:  8    Str: 28    XL:     12   Next: 23%
Magic:  11/11      EV: 11    Int:  5    God:    Trog [*****.]
Gold:   519        SH: 13    Dex: 11    Spells: 0 memorised, 11 levels left

rFire  . . .     SeeInvis .       - Unarmed
rCold  . . .     Clarity  .     u - +0 robe
rNeg   . . .     SustAt   .     l - +0 large shield
rPois  .         Gourm    +     (helmet restricted)
rElec  .         Spirit   .     C - +2 cloak
rCorr  .         Warding  .     (gloves unavailable)
rMut   .         Stasis   .     (boots unavailable)
MR     +....                    (no amulet)
Stlth  +.........               c - ring of protection from magic
                                v - +3 ring of evasion

@: lethally poisoned (0 -> -33), exhausted, slowed, very slow, somewhat
resistant to hostile enchantments, very unstealthy
A: unfitting armour, claws 3, fast metabolism 3, gourmand, regeneration 2,
shaggy fur 1, tough skin 2
a: Burn Spellbooks, Berserk, Trog's Hand, Brothers in Arms, Renounce Religion


You were on level 2 of the Lair of Beasts.
You worshipped Trog.
Trog was extremely pleased with you.
You were not hungry.

You visited 3 branches of the dungeon, and saw 13 of its levels.

You collected 657 gold pieces.
You spent 138 gold pieces at shops.

Inventory:

Hand weapons
 m - a +2 hunting sling of evasion
 A - a +2 whip of flaming
 D - a +0 flail
 J - a +4 shortbow of freezing
Missiles
 e - a steel javelin (quivered)
 F - 7 exploding tomahawks
 M - 5 tomahawks of returning
 T - a throwing net
 X - a large rock
Armour
 l - a +0 large shield (worn)
 u - a +0 robe (worn)
 C - a +2 cloak (worn)
Jewellery
 c - a ring of protection from magic (right claw)
 p - an uncursed ring of see invisible
 t - an uncursed ring of ice
 v - a +3 ring of evasion (left claw)
 K - an uncursed ring of fire
 R - an uncursed ring of protection from cold
Magical devices
 s - a wand of frost (48)
 E - a wand of lightning (5)
 P - a wand of fire (4)
 U - a wand of paralysis (6)
 V - a wand of polymorph (9)
Scrolls
 g - 2 scrolls of enchant weapon
 k - 4 scrolls of identify
 y - 4 scrolls of recharging
 z - a scroll of blinking {unknown}
 B - 5 scrolls of remove curse
 G - a scroll of fog {unknown}
 H - 3 scrolls of noise {unknown}
 S - 2 scrolls of vulnerability {unknown}
Potions
 a - a potion of brilliance {unknown}
 d - a potion of mutation {unknown}
 f - 3 potions of flight
 i - 2 potions of haste
 n - 3 potions of resistance
 o - 2 potions of agility {unknown}
 r - 5 potions of curing
 x - 3 potions of poison {unknown}
 I - a potion of might
 L - a potion of degeneration {unknown}
 N - a potion of berserk rage {unknown}
 Q - 3 potions of lignification {unknown}
Books
 w - a book of Battle

   Spells                             Type                      Level
   a - Infusion                       Charms                       1
   b - Shroud of Golubria             Charms/Translocation         2
   c - Song of Slaying                Charms                       2
   d - Spectral Weapon                Hexes/Charms                 3
   e - Regeneration                   Charms/Necromancy            3
   Trog disapproves of the use of such an item.
Miscellaneous
 q - a lantern of shadows
Comestibles
 b - 4 bread rations
 h - 8 meat rations
 O - 4 chunks of flesh
 Y - 15 fruits
 Z - 6 slices of pizza


   Skills:
 + Level 8.7 Fighting
 + Level 5.1 Maces & Flails
 + Level 8.9 Throwing
 + Level 8.7 Dodging
 + Level 10.4 Unarmed Combat


You had 11 spell levels left.
You didn't know any spells.

Dungeon Overview and Level Annotations

Branches:
Dungeon (10/15)            Temple (1/1) D:4            Lair (2/8) D:9
    Orc: D:9-12

Altars:
Ashenzari
Cheibriados
Dithmenos
Elyvilon
Fedhas
Gozag
Kikubaaqudgha
Makhleb
Nemelex Xobeh
Okawaru
Qazlal
Ru
Sif Muna
Trog
Vehumet
Xom
Yredelemnul
Zin
The Shining One

Shops:
D:4 *   D:7 *%?   D:9 %


Innate Abilities, Weirdness & Mutations

You are too large for most types of armour.
You have claws for hands.
Your metabolism is lightning-fast.
You like to eat raw meat.
You heal very quickly.
You are covered in fur (AC +1).
You have very tough skin (AC +2).


Message History

You block the wolf spider's attack. The wolf spider bites you!
* * * LOW HITPOINT WARNING * * *
The adder barely misses you. You block the adder's attack.
The wolf spider hits you.
* * * LOW HITPOINT WARNING * * *
The wolf spider bites you but does no damage.
The adder closely misses you.
Read which item? (? for menu, Esc to quit)
Okay, then.
Drink which item? (? for menu, Esc to quit)
Okay, then.
Evoke which item? (* to show all) (? for menu, Esc to quit)
Zapping:
U - a wand of paralysis (7)
Press: ? - help, Shift-Dir - straight line, f/p - wolf spider
Aim: a wolf spider (severely wounded, chance to defeat MR: 46%)
The wolf spider suddenly stops moving!
This wand has 6 charges left.
* * * LOW HITPOINT WARNING * * *
You feel very sick. The adder bites you.
You die...

.........................
.........................
.........................
....................#####
.###...............P####
## #............†...P..#
# ##...............P...
####..(........S.....PP.
#..P...........S@.......
..........(...>sF..P...P
...................P...P
#..............###.P.PP.
...............# ......
................ ...P..
................. .P...
.............#### ...P.
..........P..#.##


You could see a wolf spider (paralysed), a spiny frog and 2 adders.

Vanquished Creatures
  3 hydras
  Erolcha (D:8)
  The ghost of bear the Thaumaturge, an experienced DEFE of Vehumet (D:9)
  An unseen horror (D:8)
  Joseph (D:10)
  Psyche (D:8)
  2 spiny frogs (Lair:1)
  2 komodo dragons
  2 trolls
  A two-headed ogre (D:10)
  A trapdoor spider zombie (D:9)
  3 blink frogs (Lair:1)
  27 yaks
  A wraith (D:10)
  6 hippogriffs
  2 basilisks (Lair:2)
  3 deep elf magi (D:9)
  A hungry ghost (D:7)
  Menkaure (D:7)
  3 porcupines
  3 water moccasins
  2 orc warriors
  2 ice beasts
  2 sky beasts
  A black bear (D:8)
  3 centaurs
  2 ogres
  2 phantoms
  8 crocodiles
  4 giant frogs
  5 big kobolds
  3 scorpions
  3 wights
  9 killer bees
  A quasit (D:9)
  2 centaur zombies
  2 crimson imps
  7 hounds
  10 orc priests
  A centaur skeleton (D:5)
  A jelly (D:7)
  3 iguanas
  12 orc wizards
  6 worker ants
  A killer bee zombie (D:7)
  2 sheep
  A hound zombie (D:9)
  A hound skeleton (D:4)
  A worker ant zombie (D:9)
  7 gnolls
  19 adders
  A shadow imp (D:8)
  2 worms (D:2)
  42 orcs
  3 bats
  6 giant cockroaches
  8 goblins
  5 hobgoblins
  2 jackals (D:9)
  13 kobolds
  4 quokkas
  A giant cockroach zombie (D:5)
  3 giant geckos
  A giant gecko skeleton (D:7)
  4 giant newts
  22 rats
306 creatures vanquished.

Vanquished Creatures (others)
  A bush (Lair:2)
  9 fungi (Lair:2)
  23 plants
33 creatures vanquished.

Grand Total: 339 creatures vanquished

Notes
Turn   | Place    | Note
--------------------------------------------------------------
     0 | D:1      | MikeDS the Troll Berserker began the quest for the Orb.
     0 | D:1      | Reached XP level 1. HP: 22/22 MP: 0/0
   156 | D:1      | Reached XP level 2. HP: 26/29 MP: 1/1
   308 | D:1      | Reached skill level 1 in Throwing
   840 | D:2      | Reached XP level 3. HP: 34/36 MP: 2/2
   873 | D:2      | Acquired Trog's second power
  1492 | D:2      | Reached XP level 4. HP: 36/44 MP: 3/3
  1886 | D:3      | Reached XP level 5. HP: 53/53 MP: 4/4
  2227 | D:3      | Noticed a phantom
  2252 | D:3      | Killed a phantom
  2252 | D:3      | Reached skill level 4 in Unarmed Combat
  2435 | D:4      | Found Ruruipn's General Store.
  2442 | D:5      | Entered Level 5 of the Dungeon
  2468 | D:4      | Bought a scroll of enchant armour for 105 gold pieces
  2586 | D:4      | Reached XP level 6. HP: 61/61 MP: 5/5
  3163 | D:4      | Received a gift from Trog
  3495 | D:4      | Reached XP level 7. HP: 65/70 MP: 6/6
  3895 | D:5      | Found a burning altar of Makhleb.
  3897 | D:5      | Noticed a balrug
  4109 | D:5      | Reached skill level 5 in Unarmed Combat
  4131 | D:4      | Found a staircase to the Ecumenical Temple.
  4135 | Temple   | Entered the Ecumenical Temple
  4322 | D:5      | Noticed a centaur
  4333 | D:5      | Killed a centaur
  4540 | D:5      | Noticed an ice beast
  4549 | D:5      | Killed an ice beast
  5040 | D:6      | Received a gift from Trog
  5372 | D:7      | Found Bohut's General Store.
  5421 | D:7      | Reached XP level 8. HP: 65/79 MP: 7/7
  5609 | D:7      | Bought a scroll of remove curse for 33 gold pieces
  5649 | D:7      | Noticed Menkaure
  6023 | D:7      | Reached skill level 5 in Fighting
  6023 | D:7      | Reached skill level 6 in Unarmed Combat
  6049 | D:7      | Found Plog's Magic Scroll Boutique.
  6065 | D:7      | Killed Menkaure
  6065 | D:7      | Reached skill level 5 in Dodging
  6162 | D:7      | Found Bixuesyp's Food Emporium.
  6291 | D:7      | Reached skill level 5 in Throwing
  6311 | D:7      | Reached XP level 9. HP: 45/88 MP: 8/8
  6562 | D:8      | Found a basalt altar of Yredelemnul.
  6615 | D:8      | Acquired Trog's third power
  6649 | D:8      | Noticed Joseph
  6649 | D:8      | Noticed Erolcha
  6674 | D:7      | Reached skill level 7 in Unarmed Combat
  7098 | D:10     | Entered Level 10 of the Dungeon
  7133 | D:9      | Found a white marble altar of Elyvilon.
  7133 | D:9      | Found a bloodstained altar of Trog.
  7133 | D:9      | Found an ancient bone altar of Kikubaaqudgha.
  7133 | D:9      | Found a glowing silver altar of Zin.
  7133 | D:9      | Found an iron altar of Okawaru.
  7587 | D:10     | Noticed a gargoyle
  7592 | D:9      | Noticed a komodo dragon
  7597 | D:9      | Killed a komodo dragon
  7793 | D:8      | Reached XP level 10. HP: 100/100 MP: 9/9
  7995 | D:8      | Reached skill level 8 in Unarmed Combat
  8244 | D:8      | Noticed an unseen horror
  8249 | D:8      | Killed an unseen horror
  8302 | D:8      | Noticed Psyche
  8311 | D:8      | Killed Psyche
  8722 | D:8      | Noticed a three-headed hydra
  8793 | D:9      | Reached skill level 1 in Maces & Flails
  8845 | D:9      | Received a gift from Trog
  8912 | D:9      | Found a staircase to the Lair.
  8986 | D:9      | Noticed bear's ghost (experienced DEFE)
  8998 | D:9      | Killed bear's ghost
  9354 | D:9      | Reached skill level 9 in Unarmed Combat
  9462 | D:9      | Found Sapreokh's Food Emporium.
  9727 | Lair:1   | Entered Level 1 of the Lair of Beasts
  9735 | Lair:1   | Reached XP level 11. HP: 107/109 MP: 10/10
  9838 | D:9      | Killed a three-headed hydra
  9961 | D:8      | Killed Erolcha
 10080 | D:8      | Found a glowing golden altar of the Shining One.
 10301 | D:8      | Received a gift from Trog
 10392 | D:8      | Noticed a profane servitor
 10400 | D:8      | Noticed an angel
 10774 | D:10     | Killed Joseph
 11276 | Lair:1   | Upgraded the game from 0.17-a0-1842-gacc33f2 to 0.17-a0-1850-g688e747
 11577 | D:9      | Received a gift from Trog
 11833 | Lair:1   | Noticed a four-headed hydra
 11952 | Lair:1   | Killed a four-headed hydra
 12108 | Lair:1   | Reached skill level 10 in Unarmed Combat
 12462 | Lair:1   | Reached XP level 12. HP: 99/122 MP: 11/11
 12694 | Lair:2   | Received a gift from Trog
 13103 | Lair:2   | Noticed a six-headed hydra
 13113 | Lair:2   | Killed a six-headed hydra
 13140 | Lair:2   | Reached skill level 5 in Maces & Flails
 13522 | Lair:2   | Received a gift from Trog
 13589 | Lair:2   | HP: 6/122 [poisoned by a wolf spider]
 13591 | Lair:2   | HP: 1/122 [poisoned by a wolf spider]
 13591 | Lair:2   | Slain by an adder

Vault maps used:
D:1:      roderic_crop_circles_arrival_small, minmay_misc_feat_doors
D:2:      minivault_27, minmay_rat_hole
D:3:      minmay_misc_feat_more_columns
D:4:      minmay_temple_entry_from_below_a, serial_shops,
          nicolae_shop_temple_entry_statues_fountains, first_bread
D:5:      makhleb_altar_promises_db
D:7:      serial_shops, shop, nicolae_shop_waterfront, shop, uniq_menkaure
D:8:      grunt_temple_overflow_holy_war, hangedman_ranch, uniq_joseph,
          uniq_psyche, uniq_erolcha
D:9:      nicolae_overflow_hidden_temple, david_lair_shrubbed, serial_shops,
          shop, minmay_misc_feat_four_crosses
D:10:     serial_park_tiny_pond, uniq_harold
Temple:   water_room_temple_b_12
Lair:1:   minivault_23, lemuel_fruit_fields
Lair:2:   minmay_lair_venomous_thicket

Action                   |  1- 3 |  4- 6 |  7- 9 | 10-12 || total
-------------------------+-------+-------+-------+-------++-------
Melee: Unarmed           |   121 |   138 |   377 |   444 ||  1080
       Whip              |       |       |       |    75 ||    75
Throw: Stone             |       |     4 |     3 |     7 ||    14
       Large rock        |       |       |     5 |     6 ||    11
       Tomahawk          |       |       |       |    66 ||    66
       Javelin           |       |       |       |    22 ||    22
Invok: Berserk           |       |     2 |     2 |     6 ||    10
       Trog's Hand       |       |       |     1 |     1 ||     2
Evoke: Wand              |       |       |       |     1 ||     1
  Use: Scroll            |     2 |     5 |     8 |    12 ||    27
       Potion            |       |       |       |     3 ||     3
 Stab: Sleeping          |       |     1 |       |     1 ||     2
  Eat: Chunk             |    12 |    19 |    46 |    58 ||   135
       Meat ration       |       |       |     2 |       ||     2
       Beef jerky        |       |       |     2 |     1 ||     3
       Bread ration      |       |       |     2 |       ||     2
